 Dungeon Crawl Stone Soup version 0.29.0-4-gdea44cf6ec (webtiles) character file.

Game seed: 12313327278992121016

34294 qw the Brawler (level 13, -4/124 HPs)
             Began as a Troll Cinder Acolyte on Sept 1, 2022.
             Was an Elder of Okawaru.
             Slain by an 11-headed hydra (13 damage)
             ... on level 5 of the Lair of Beasts.
             The game lasted 00:08:10 (15211 turns).

qw the Brawler (Troll Cinder Acolyte)              Turns: 15211, Time: 00:08:10

Health: -4/124     AC: 15    Str: 29    XL:     13   Next: 41%
Magic:  13/15      EV: 10    Int: 10    God:    Okawaru [****..]
Gold:   436        SH: 23    Dex: 10    Spells: 14/14 levels left

rFire   . . .      SeeInvis .     - Unarmed
rCold   x x .      Faith    .   y - +0 tower shield
rNeg    . . .      Spirit   .   A - +2 acid dragon scales "Guzenunk" {Fly rC- Will++ rCorr Dex-5}
rPois   .          Reflect  +   B - +1 hat "Gafoivvu" {rC- Regen+ Str+2 Dex+4}
rElec   .          Harm     .   o - +1 cloak {Stlth+}
rCorr   +          Rampage  .   (gloves unavailable)
Will    ++...                   (boots unavailable)
Stlth   +++.......              t - amulet of reflection
HPRegen 1.90/turn               i - +6 ring of dexterity
MPRegen 0.14/turn               x - +4 ring of slaying {mikee}

@: about to teleport, heroic, flying
A: large, unfitting armour, claws 3, regeneration 1, shaggy fur 1, tough skin 1,
weak 1
a: Renounce Religion, Heroism, Finesse


You were on level 5 of the Lair of Beasts.
You worshipped Okawaru.
Okawaru was greatly pleased with you.
You visited 3 branches of the dungeon, and saw 16 of its levels.
You also visited: Gauntlet.

You collected 826 gold pieces.
You spent 390 gold pieces at shops.


Innate Abilities, Weirdness & Mutations

You are too large for most types of armour.
You have claws for hands.
Your natural rate of healing is unusually fast.
You are covered in fur. (AC +1)
You have tough skin. (AC +1)
You are weak. (Str -2)


   Skills:
 - Level 7.0(12.0) Fighting
 - Level 4.0(9.0) Throwing
 - Level 2.2(7.2) Armour
 - Level 2.0(7.0) Dodging
 + Level 10.2(15.2) Shields
 - Level 17.1(22.1) Unarmed Combat
 - Level 1.0 Spellcasting
 - Level 2.1 Fire Magic
 + Level 5.0 Invocations


You had 14 spell levels left.
You didn't know any spells.
Your spell library contained the following spells:

 Spells                   Type           Power      Damage    Failure   Level
 Scorch                   Fire           8%         2d5       54%         2

Inventory:

Missiles
 m - 4 boomerangs
 q - 3 silver boomerangs
 r - 3 boomerangs of dispersal
 v - 6 javelins (quivered)
Armour
 o - a +1 cloak of stealth (worn)
 w - a +0 troll leather armour
 y - a +0 tower shield (worn)
 A - the +2 acid dragon scales "Guzenunk" (worn) {Fly rC- Will++ rCorr Dex-5}
   (You found it in a Gauntlet)

   Dex:       It affects your dexterity (-5).
   rC:        It makes you vulnerable to cold.
   Fly:       It grants you flight.
   rCorr:     It protects you from acid and corrosion.
   Will:      It greatly increases your willpower.
 B - the +1 hat "Gafoivvu" (worn) {rC- Regen+ Str+2 Dex+4}
   (You found it in a Gauntlet)

   Str:       It affects your strength (+2).
   Dex:       It affects your dexterity (+4).
   rC:        It makes you vulnerable to cold.
   Regen:     It increases your rate of health regeneration.
Jewellery
 a - a ring of see invisible
 g - a ring of protection from fire
 i - a +6 ring of dexterity (left claw)
 n - a ring of protection from cold
 t - an amulet of reflection (around neck)
 x - a +4 ring of slaying (right claw) {mikee}
Scrolls
 e - 3 scrolls of identify
 h - 4 scrolls of teleportation
 s - 2 scrolls of enchant weapon
Potions
 b - a potion of heal wounds
 c - 4 potions of resistance
 d - 10 potions of curing
 f - a potion of haste
 j - a potion of might
 l - 2 potions of mutation
 p - a potion of cancellation

Dungeon Overview and Level Annotations

Branches:
Dungeon (10/15)            Temple (1/1) D:5            Lair (5/5) D:10
 Shoals (0/4) Lair:3        Snake (0/4) Lair:2        Slime (0/5) Lair:4
    Orc (0/2) D:10        Gauntlet (visited)

Altars:
Ashenzari
Cheibriados
Dithmenos
Elyvilon
Fedhas
Gozag
Hepliaklqana
Kikubaaqudgha
Makhleb
Nemelex Xobeh
Okawaru
Qazlal
Ru
Sif Muna
Trog
Uskayaw
Vehumet
Wu Jian
Xom
Yredelemnul
Zin
The Shining One
Jiyva

Shops:
D:4 *   D:7 [

Annotations:
D:4 3 runed translucent doors, qw's ghost, amateur TrCA


Message History

You rip one of the nine-headed hydra's heads off!
The eight-headed hydra grows two more!
You mangle the ten-headed hydra!!
The ten-headed hydra is heavily wounded.
You hear a trumpeting!
You hear a croak.
You block the elephant's attack. x2
You hear a trumpeting! x2; You hear an angry growl.
You hear a bleat!
You hear an angry buzzing noise.
You hear a bleat!
You hear a trumpeting!
You rip one of the ten-headed hydra's heads off!
The nine-headed hydra grows two more!
You mangle the 11-headed hydra!!
The 11-headed hydra is severely wounded.
The blink frog blinks! x2; You block the cane toad's attack.
The 11-headed hydra bites you but does no damage.
You block the 11-headed hydra's attack. x2
The 11-headed hydra bites you but does no damage.
The 11-headed hydra bites you! x2; You block the 11-headed hydra's attack. x2
The 11-headed hydra bites you. The 11-headed hydra closely misses you.
The 11-headed hydra bites you!
A bullfrog comes into view.
15210 ||| READING 5 scrolls of teleportation.
As you read the scroll of teleportation, it crumbles to dust.
You feel strangely unstable. You block the cane toad's attack.
You block the elephant's attack. x2
A bullfrog comes into view.
The 11-headed hydra bites you! The 11-headed hydra bites you.
You block the 11-headed hydra's attack.
The 11-headed hydra bites you but does no damage. x3
The 11-headed hydra barely misses you. The 11-headed hydra bites you!
The 11-headed hydra bites you.
The 11-headed hydra completely misses you.
The 11-headed hydra closely misses you. You block the cane toad's attack.
15211 ||| DRINKING 2 potions of heal wounds.
You feel much better. You block the elephant's attack. x2
The 11-headed hydra bites you but does no damage.
The 11-headed hydra completely misses you.
The 11-headed hydra bites you. You block the 11-headed hydra's attack.
The 11-headed hydra barely misses you. The 11-headed hydra bites you.
The 11-headed hydra bites you but does no damage.
The 11-headed hydra closely misses you. The 11-headed hydra bites you! x2
You die...

##..#.PP.
#P..Y..P
#...Y.P
#.....#
##....##
##.....F##
#P...<...##P
###F.........
#@FY.F!......
#DYY....P##..
#YYF..ยค....#P
#YY.F.......
#.....F......
#............
#..........P
......##.P#P
......#.


P.P You could see a 11-headed hydra, 7 elephants, 2 cane toads, 2 blink frogs
and 3 bullfrogs.

Vanquished Creatures
  A ghost moth (shapeshifter) (Gauntlet)
  A minotaur (Gauntlet)
  4 hydras
  A boulder beetle (Lair:3)
  A two-headed ogre (D:8)
  Sonja (Lair:1)
  Amaemon (Lair:1)
  14 black mambas
  6 elephants
  3 merfolk sirens (Lair:3)
  A torpor snail (Lair:1)
  7 cane toads
  An orange demon (Lair:1)
  3 rime drakes
  8 komodo dragons
  A kobold demonologist (D:10)
  A merfolk (Lair:3)
  3 trolls
  7 blink frogs
  A troll (shapeshifter) (Gauntlet)
  A raiju (Gauntlet)
  2 dream sheep (D:9)
  A spriggan (shapeshifter) (Gauntlet)
  15 yaks
  2 wraiths (D:9)
  5 basilisks
  3 wyverns
  18 fire elementals
  3 steam dragons
  An acid dragon (D:10)
  2 nagas (Lair:2)
  22 water moccasins
  2 black bears
  2 ice beasts
  6 orc warriors
  A sky beast (D:7)
  3 ogres (D:5)
  5 centaurs
  5 wolves (Lair:3)
  4 phantoms
  4 kobold brigands (D:9)
  10 bullfrogs
  A gnoll sergeant (D:9)
  6 scorpions
  A necrophage (D:5)
  3 wights (D:9)
  5 killer bees (D:9)
  An electric eel (Lair:1)
  8 orc priests
  11 jellies
  A gnoll bouda (D:5)
  4 hounds
  6 iguanas
  6 orc wizards
  10 gnolls
  11 adders
  5 shadow imps
  A white imp (D:8)
  2 ufetubi
  5 worms
  4 dart slugs
  42 orcs
  8 ball pythons
  11 bats
  4 endoplasms
  2 giant cockroaches
  7 goblins
  5 hobgoblins
  3 quokkas
  3 frilled lizards
  23 kobolds
  5 rats
387 creatures vanquished.

Vanquished Creatures (others)
  16 fungi
  76 plants
92 creatures vanquished.

Grand Total: 479 creatures vanquished

Notes
Turn   | Place    | Note
-------+----------+-------------------------------------------
     0 | D:1      | qw the Troll Cinder Acolyte began the quest for the Orb.
     0 | D:1      | Reached XP level 1. HP: 22/22 MP: 1/1
     0 | D:1      | 0 ||| qw: Version: 0.1-a-97-g2dd2ca4
     0 | D:1      | 0 ||| qw: Game counter: 4831
     0 | D:1      | 0 ||| qw: Always use a shield: true
     0 | D:1      | 0 ||| qw: God list: Okawaru
     0 | D:1      | 0 ||| qw: Allow faded altars: false
     0 | D:1      | 0 ||| qw: Do Orc after D:15 true
     0 | D:1      | 0 ||| qw: Do second Lair branch before Depths: true
     0 | D:1      | 0 ||| qw: Lair rune preference: random
     0 | D:1      | 0 ||| qw: Plans: Normal
     0 | D:1      | 0 ||| PLANNING D:1-11
    98 | D:1      | Reached XP level 2. HP: 29/29 MP: 2/2
   219 | D:1      | Reached skill level 4 in Unarmed Combat
   282 | D:1      | Found a faded altar of an unknown god.
   539 | D:1      | Reached XP level 3. HP: 36/36 MP: 3/3
   869 | D:1      | 869 ||| DROPPING ring of flight.
   870 | D:1      | 870 ||| READING scroll labelled NEMIUTUSEH.
  1033 | D:2      | 1033 ||| Stepping ~*~*~tactically~*~*~ (stealth).
  1485 | D:2      | 1485 ||| READING scroll labelled NIODDAONUM.
  1490 | D:2      | 1490 ||| READING scroll labelled ONNEETEULO.
  1491 | D:2      | 1491 ||| DRINKING 2 green potions.
  1531 | D:3      | 1531 ||| Stepping ~*~*~tactically~*~*~ (hiding).
  1537 | D:3      | 1537 ||| INVOKING Fiery Armour.
  1540 | D:3      | Reached skill level 5 in Unarmed Combat
  1540 | D:3      | Reached XP level 4. HP: 34/44 MP: 4/4
  1735 | D:3      | Identified the +1 pair of gloves of Dithmenos's Generosity
                  | {+Inv rF- Int+6 Stlth+}
  2089 | D:3      | Found a shimmering blue altar of Sif Muna.
  2142 | D:3      | Reached XP level 5. HP: 50/50 MP: 5/5
  2230 | D:3      | 2230 ||| READING 2 scrolls labelled IGHOARULOH.
  2231 | D:3      | 2231 ||| READING scroll labelled REXELU UGAS.
  2232 | D:3      | 2232 ||| DRINKING 4 fuming black potions.
  2264 | D:3      | 2264 ||| READING 2 scrolls of identify.
  2264 | D:3      | 2264 ||| IDENTIFYING metallic cyan potion
  2265 | D:3      | 2265 ||| DROPPING 3 potions of lignification.
  2266 | D:3      | 2266 ||| DROPPING scroll of vulnerability.
  2282 | D:4      | Found a runed translucent gate.
  2283 | D:4      | 2283 ||| PLANNING OSSUARY
  2291 | D:4      | 2291 ||| STAIRDANCE
  2295 | D:3      | Reached skill level 6 in Unarmed Combat
  2314 | D:4      | 2314 ||| STAIRDANCE
  2450 | D:4      | Found Miytoul's General Store.
  2459 | D:4      | 2459 ||| SHOPLISTING ring of resist corrosion (260 gold,
                  | have 219).
  2459 | D:4      | 2459 ||| BUYING ring of see invisible (195 gold).
  2459 | D:4      | Bought a ring of see invisible for 195 gold pieces
  2529 | D:4      | Reached XP level 6. HP: 54/59 MP: 6/6
  2537 | D:4      | 2537 ||| Stepping ~*~*~tactically~*~*~ (hiding).
  2538 | D:4      | 2538 ||| Stepping ~*~*~tactically~*~*~ (hiding).
  2541 | D:4      | 2541 ||| Stepping ~*~*~tactically~*~*~ (hiding).
  2571 | D:4      | 2571 ||| Stepping ~*~*~tactically~*~*~ (stealth).
  2662 | D:4      | Reached skill level 7 in Unarmed Combat
  2863 | D:4      | Noticed a yak
  2876 | D:4      | Killed a yak
  3023 | D:4      | 3023 ||| RIP OSSUARY
  3031 | D:4      | 3031 ||| PLANNING D:1-11
  3170 | D:4      | Found a runed translucent gate.
  3170 | D:4      | Found a runed translucent gate.
  3173 | D:4      | Noticed qw's ghost (amateur TrCA)
  3174 | D:4      | Identified the +6 scale mail "Nipnot" {+Inv rF+ Int+2 SInv}
  3197 | D:4      | 3197 ||| UPGRADING to ring of see invisible.
  3198 | D:4      | 3198 ||| READING scroll labelled GOCKAU WISHRUE.
  3299 | D:4      | 3299 ||| READING scroll labelled KOUXKIF WODYRU.
  3300 | D:4      | 3300 ||| DRINKING 2 grey potions.
  3301 | D:4      | 3301 ||| DROPPING potion of brilliance.
  3321 | D:5      | Entered Level 5 of the Dungeon
  3323 | D:5      | 3323 ||| STAIRDANCE
  3326 | D:4      | Reached skill level 8 in Unarmed Combat
  3326 | D:4      | Reached XP level 7. HP: 66/66 MP: 7/7
  3366 | D:5      | 3366 ||| STAIRDANCE
  3442 | D:5      | 3442 ||| INVOKING Fiery Armour.
  3447 | D:5      | Reached skill level 3 in Fighting
  3451 | D:5      | 3451 ||| FLEEEEING.
  3452 | D:5      | 3452 ||| FLEEEEING.
  3453 | D:5      | 3453 ||| FLEEEEING.
  3454 | D:5      | 3454 ||| FLEEEEING.
  3455 | D:5      | 3455 ||| FLEEEEING.
  3459 | D:5      | 3459 ||| Stepping ~*~*~tactically~*~*~ (stealth).
  3491 | D:5      | 3491 ||| Stepping ~*~*~tactically~*~*~ (stealth).
  3492 | D:5      | 3492 ||| Stepping ~*~*~tactically~*~*~ (stealth).
  3524 | D:5      | Reached skill level 9 in Unarmed Combat
  3571 | D:5      | Found a staircase to the Ecumenical Temple.
  3772 | D:5      | Reached skill level 1 in Dodging
  3814 | D:5      | 3814 ||| Stepping ~*~*~tactically~*~*~ (hiding).
  3816 | D:5      | 3816 ||| Stepping ~*~*~tactically~*~*~ (hiding).
  3866 | D:5      | 3866 ||| INVOKING Fiery Armour.
  3869 | D:5      | Reached XP level 8. HP: 24/75 MP: 8/8
  3931 | D:5      | 3931 ||| Stepping ~*~*~tactically~*~*~ (stealth).
  3952 | D:5      | 3952 ||| Stepping ~*~*~tactically~*~*~ (hiding).
  3965 | D:5      | 3965 ||| Stepping ~*~*~tactically~*~*~ (stealth).
  4000 | D:5      | Reached skill level 10 in Unarmed Combat
  4007 | D:5      | 4007 ||| Stepping ~*~*~tactically~*~*~ (stealth).
  4020 | D:5      | 4020 ||| Stepping ~*~*~tactically~*~*~ (stealth).
  4021 | D:5      | 4021 ||| Stepping ~*~*~tactically~*~*~ (stealth).
  4023 | D:5      | 4023 ||| FLEEEEING.
  4024 | D:5      | 4024 ||| FLEEEEING.
  4025 | D:5      | 4025 ||| FLEEEEING.
  4026 | D:5      | 4026 ||| FLEEEEING.
  4027 | D:5      | 4027 ||| FLEEEEING.
  4060 | D:5      | 4060 ||| Stepping ~*~*~tactically~*~*~ (hiding).
  4061 | D:5      | 4061 ||| Stepping ~*~*~tactically~*~*~ (hiding).
  4118 | D:5      | 4118 ||| Stepping ~*~*~tactically~*~*~ (stealth).
  4121 | D:5      | 4121 ||| Stepping ~*~*~tactically~*~*~ (stealth).
  4124 | D:5      | 4124 ||| Stepping ~*~*~tactically~*~*~ (hiding).
  4139 | D:5      | Reached skill level 11 in Unarmed Combat
  4477 | D:5      | 4477 ||| UPGRADING to ring of protection from cold.
  4478 | D:5      | 4478 ||| READING scroll labelled WAG QUGROCH.
  4515 | D:5      | 4515 ||| READING 2 scrolls of identify.
  4515 | D:5      | 4515 ||| IDENTIFYING murky golden potion
  4516 | D:5      | 4516 ||| DROPPING potion of berserk rage.
  4531 | D:6      | Reached XP level 9. HP: 84/84 MP: 9/9
  4735 | D:6      | 4735 ||| Stepping ~*~*~tactically~*~*~ (outnumbered).
  4741 | D:6      | 4741 ||| Stepping ~*~*~tactically~*~*~ (outnumbered).
  4746 | D:6      | Reached skill level 12 in Unarmed Combat
  4828 | D:6      | 4828 ||| Stepping ~*~*~tactically~*~*~ (stealth).
  4836 | D:6      | 4836 ||| Stepping ~*~*~tactically~*~*~ (stealth).
  4837 | D:6      | 4837 ||| Stepping ~*~*~tactically~*~*~ (stealth).
  4839 | D:6      | 4839 ||| Stepping ~*~*~tactically~*~*~ (hiding).
  4849 | D:6      | Reached skill level 1 in Throwing
  4990 | D:6      | 4990 ||| Stepping ~*~*~tactically~*~*~ (hiding).
  5000 | D:6      | 5000 ||| Stepping ~*~*~tactically~*~*~ (outnumbered).
  5303 | D:7      | Found Vahof's Antique Armour Boutique.
  5311 | D:7      | 5311 ||| BUYING glowing cloak (195 gold).
  5311 | D:7      | Bought a glowing cloak for 195 gold pieces
  5422 | D:7      | 5422 ||| Stepping ~*~*~tactically~*~*~ (hiding).
  6060 | D:7      | 6060 ||| UPGRADING to +1 cloak of stealth.
  6065 | D:7      | 6065 ||| READING scroll labelled FURHIG GICH.
  6066 | D:7      | 6066 ||| DRINKING 2 black potions.
  6067 | D:7      | 6067 ||| READING 3 scrolls of teleportation.
  6118 | D:8      | Reached skill level 3 in Throwing
  6135 | D:8      | 6135 ||| Stepping ~*~*~tactically~*~*~ (stealth).
  6214 | D:8      | 6214 ||| FLEEEEING.
  6215 | D:8      | 6215 ||| FLEEEEING.
  6222 | D:8      | 6222 ||| FLEEEEING.
  6225 | D:8      | 6225 ||| FLEEEEING.
  6226 | D:8      | 6226 ||| FLEEEEING.
  6227 | D:8      | 6227 ||| FLEEEEING.
  6228 | D:8      | 6228 ||| FLEEEEING.
  6235 | D:8      | 6235 ||| FLEEEEING.
  6239 | D:8      | 6239 ||| STAIRDANCE
  6343 | D:8      | 6343 ||| STAIRDANCE
  6348 | D:8      | 6348 ||| STAIRDANCE
  6382 | D:8      | 6382 ||| STAIRDANCE
  6400 | D:8      | 6400 ||| INVOKING Fiery Armour.
  6768 | D:8      | Noticed a two-headed ogre
  6775 | D:8      | Killed a two-headed ogre
  6776 | D:8      | Reached skill level 13 in Unarmed Combat
  6776 | D:8      | Reached XP level 10. HP: 64/96 MP: 10/10
  7060 | D:8      | 7060 ||| READING 2 scrolls of identify.
  7060 | D:8      | 7060 ||| IDENTIFYING metallic amethyst potion
  7061 | D:8      | 7061 ||| DROPPING potion of invisibility.
  7322 | D:9      | 7322 ||| Stepping ~*~*~tactically~*~*~ (stealth).
  7327 | D:9      | 7327 ||| Stepping ~*~*~tactically~*~*~ (outnumbered).
  7328 | D:9      | 7328 ||| Stepping ~*~*~tactically~*~*~ (outnumbered).
  7329 | D:9      | 7329 ||| Stepping ~*~*~tactically~*~*~ (outnumbered).
  7330 | D:9      | 7330 ||| INVOKING Fiery Armour.
  7332 | D:9      | Reached skill level 1 in Armour
  7383 | D:9      | 7383 ||| Stepping ~*~*~tactically~*~*~ (stealth).
  7385 | D:9      | 7385 ||| Stepping ~*~*~tactically~*~*~ (stealth).
  7387 | D:9      | 7387 ||| Stepping ~*~*~tactically~*~*~ (stealth).
  7403 | D:9      | 7403 ||| FLEEEEING.
  7404 | D:9      | 7404 ||| FLEEEEING.
  7405 | D:9      | 7405 ||| FLEEEEING.
  7406 | D:9      | 7406 ||| FLEEEEING.
  7407 | D:9      | 7407 ||| FLEEEEING.
  7408 | D:9      | 7408 ||| FLEEEEING.
  7409 | D:9      | 7409 ||| FLEEEEING.
  7410 | D:9      | 7410 ||| FLEEEEING.
  7411 | D:9      | 7411 ||| FLEEEEING.
  7412 | D:9      | 7412 ||| FLEEEEING.
  7413 | D:9      | 7413 ||| FLEEEEING.
  7414 | D:9      | 7414 ||| FLEEEEING.
  7417 | D:9      | 7417 ||| FLEEEEING.
  7418 | D:9      | 7418 ||| FLEEEEING.
  7419 | D:9      | 7419 ||| FLEEEEING.
  7420 | D:9      | 7420 ||| FLEEEEING.
  7421 | D:9      | 7421 ||| FLEEEEING.
  7422 | D:9      | 7422 ||| FLEEEEING.
  7425 | D:9      | 7425 ||| FLEEEEING.
  7426 | D:9      | 7426 ||| FLEEEEING.
  7430 | D:9      | 7430 ||| FLEEEEING.
  7439 | D:9      | 7439 ||| Stepping ~*~*~tactically~*~*~ (outnumbered).
  7620 | D:9      | 7620 ||| Stepping ~*~*~tactically~*~*~ (stealth).
  7628 | D:9      | 7628 ||| Stepping ~*~*~tactically~*~*~ (outnumbered).
  7636 | D:9      | Reached skill level 14 in Unarmed Combat
  7996 | D:9      | Reached skill level 6 in Fighting
  8028 | D:9      | Noticed a three-headed hydra
  8029 | D:9      | 8029 ||| INVOKING Fiery Armour.
  8032 | D:9      | Killed a six-headed hydra
  8055 | D:9      | 8055 ||| DROPPING orb of guile.
  8056 | D:9      | 8056 ||| UPGRADING to +0 troll leather armour.
  8066 | D:9      | 8066 ||| DROPPING +0 robe.
  8067 | D:9      | 8067 ||| UPGRADING to amulet of reflection.
  8099 | D:10     | Entered Level 10 of the Dungeon
  8190 | D:10     | 8190 ||| Stepping ~*~*~tactically~*~*~ (stealth).
  8192 | D:10     | 8192 ||| Stepping ~*~*~tactically~*~*~ (hiding).
  8212 | D:10     | 8212 ||| Stepping ~*~*~tactically~*~*~ (outnumbered).
  8213 | D:10     | 8213 ||| Stepping ~*~*~tactically~*~*~ (outnumbered).
  8214 | D:10     | 8214 ||| Stepping ~*~*~tactically~*~*~ (outnumbered).
  8215 | D:10     | 8215 ||| Stepping ~*~*~tactically~*~*~ (outnumbered).
  8233 | D:10     | 8233 ||| Stepping ~*~*~tactically~*~*~ (stealth).
  8238 | D:10     | 8238 ||| Stepping ~*~*~tactically~*~*~ (stealth).
  8240 | D:10     | 8240 ||| Stepping ~*~*~tactically~*~*~ (stealth).
  8250 | D:10     | 8250 ||| Stepping ~*~*~tactically~*~*~ (stealth).
  8253 | D:10     | 8253 ||| Stepping ~*~*~tactically~*~*~ (stealth).
  8262 | D:10     | 8262 ||| Stepping ~*~*~tactically~*~*~ (stealth).
  8264 | D:10     | 8264 ||| Stepping ~*~*~tactically~*~*~ (hiding).
  8273 | D:10     | 8273 ||| Stepping ~*~*~tactically~*~*~ (stealth).
  8275 | D:10     | 8275 ||| Stepping ~*~*~tactically~*~*~ (stealth).
  8278 | D:10     | 8278 ||| Stepping ~*~*~tactically~*~*~ (hiding).
  8287 | D:10     | 8287 ||| INVOKING Fiery Armour.
  8298 | D:10     | 8298 ||| FLEEEEING.
  8304 | D:10     | 8304 ||| FLEEEEING.
  8305 | D:10     | 8305 ||| FLEEEEING.
  8306 | D:10     | 8306 ||| FLEEEEING.
  8307 | D:10     | 8307 ||| FLEEEEING.
  8308 | D:10     | 8308 ||| FLEEEEING.
  8327 | D:10     | 8327 ||| Stepping ~*~*~tactically~*~*~ (hiding).
  8377 | D:10     | Found a staircase to the Orcish Mines.
  8379 | D:10     | 8379 ||| Stepping ~*~*~tactically~*~*~ (stealth).
  8521 | D:10     | 8521 ||| Stepping ~*~*~tactically~*~*~ (stealth).
  8525 | D:10     | 8525 ||| INVOKING Fiery Armour.
  8535 | D:10     | 8535 ||| Stepping ~*~*~tactically~*~*~ (outnumbered).
  8537 | D:10     | Reached skill level 15 in Unarmed Combat
  8758 | D:10     | Reached XP level 11. HP: 105/105 MP: 11/11
  8773 | D:10     | Found a staircase to the Lair.
  8821 | D:10     | 8821 ||| Stepping ~*~*~tactically~*~*~ (hiding).
  8923 | D:10     | 8923 ||| Stepping ~*~*~tactically~*~*~ (hiding).
  9025 | D:10     | 9025 ||| Stepping ~*~*~tactically~*~*~ (hiding).
  9027 | D:10     | 9027 ||| Stepping ~*~*~tactically~*~*~ (hiding).
  9029 | D:10     | 9029 ||| Stepping ~*~*~tactically~*~*~ (hiding).
  9031 | D:10     | 9031 ||| Stepping ~*~*~tactically~*~*~ (hiding).
  9032 | D:10     | 9032 ||| Stepping ~*~*~tactically~*~*~ (hiding).
  9162 | D:10     | 9162 ||| Stepping ~*~*~tactically~*~*~ (stealth).
  9163 | D:10     | 9163 ||| Stepping ~*~*~tactically~*~*~ (stealth).
  9167 | D:10     | 9167 ||| Stepping ~*~*~tactically~*~*~ (stealth).
  9172 | D:10     | 9172 ||| Stepping ~*~*~tactically~*~*~ (stealth).
  9176 | D:10     | 9176 ||| FLEEEEING.
  9177 | D:10     | 9177 ||| FLEEEEING.
  9178 | D:10     | 9178 ||| FLEEEEING.
  9186 | D:10     | 9186 ||| Stepping ~*~*~tactically~*~*~ (stealth).
  9188 | D:10     | 9188 ||| Stepping ~*~*~tactically~*~*~ (stealth).
  9190 | D:10     | 9190 ||| Stepping ~*~*~tactically~*~*~ (stealth).
  9209 | D:10     | Found a glowing golden altar of the Shining One.
  9215 | D:10     | Found a stormy altar of Qazlal.
  9215 | D:10     | Found a bloodstained altar of Trog.
  9216 | D:10     | Found a radiant altar of Vehumet.
  9219 | D:10     | Found a snail-covered altar of Cheibriados.
  9266 | D:10     | 9266 ||| PLANNING LAIR
  9266 | D:10     | 9266 ||| DRINKING 2 bubbling dark potions.
  9267 | D:10     | 9267 ||| DROPPING potion of degeneration.
  9287 | Lair:1   | Entered Level 1 of the Lair of Beasts
  9311 | Lair:1   | Noticed a seven-headed hydra
  9312 | Lair:1   | 9312 ||| Stepping ~*~*~tactically~*~*~ (stealth).
  9313 | Lair:1   | 9313 ||| INVOKING Fiery Armour.
  9316 | Lair:1   | 9316 ||| Stepping ~*~*~tactically~*~*~ (outnumbered).
  9318 | Lair:1   | Killed an eight-headed hydra
  9335 | Lair:1   | 9335 ||| Stepping ~*~*~tactically~*~*~ (stealth).
  9387 | Lair:1   | 9387 ||| Stepping ~*~*~tactically~*~*~ (hiding).
  9489 | Lair:1   | 9489 ||| Stepping ~*~*~tactically~*~*~ (hiding).
  9561 | Lair:1   | Noticed Sonja
  9562 | Lair:1   | 9562 ||| Stepping ~*~*~tactically~*~*~ (stealth).
  9564 | Lair:1   | 9564 ||| INVOKING Fiery Armour.
  9570 | Lair:1   | Killed Sonja
  9571 | Lair:1   | Reached skill level 16 in Unarmed Combat
  9860 | Lair:1   | 9860 ||| Stepping ~*~*~tactically~*~*~ (stealth).
  9862 | Lair:1   | 9862 ||| Stepping ~*~*~tactically~*~*~ (stealth).
  9874 | Lair:1   | 9874 ||| Stepping ~*~*~tactically~*~*~ (stealth).
  9876 | Lair:1   | 9876 ||| Stepping ~*~*~tactically~*~*~ (stealth).
  9878 | Lair:1   | 9878 ||| Stepping ~*~*~tactically~*~*~ (stealth).
  9883 | Lair:1   | 9883 ||| Stepping ~*~*~tactically~*~*~ (stealth).
 10057 | Lair:1   | Noticed an eight-headed hydra
 10057 | Lair:1   | 10057 ||| Stepping ~*~*~tactically~*~*~ (stealth).
 10059 | Lair:1   | 10059 ||| Stepping ~*~*~tactically~*~*~ (stealth).
 10061 | Lair:1   | 10061 ||| INVOKING Fiery Armour.
 10069 | Lair:1   | 10069 ||| Stepping ~*~*~tactically~*~*~ (outnumbered).
 10069 | Lair:1   | Killed a ten-headed hydra
 10260 | Lair:1   | Noticed Amaemon
 10261 | Lair:1   | 10261 ||| Stepping ~*~*~tactically~*~*~ (hiding).
 10363 | Lair:1   | 10363 ||| Stepping ~*~*~tactically~*~*~ (hiding).
 10372 | Lair:1   | Killed Amaemon
 10373 | Lair:1   | Reached skill level 17 in Unarmed Combat
 10373 | Lair:1   | Reached XP level 12. HP: 92/118 MP: 12/12
 10380 | Lair:1   | 10380 ||| INVOKING Fiery Armour.
 10736 | Lair:1   | 10736 ||| PLANNING TEMPLE
 10736 | Lair:1   | 10736 ||| UPGRADING to +0 kite shield.
 10893 | Temple   | Entered the Ecumenical Temple
 10961 | Temple   | 10961 ||| PLANNING CONVERSION TO OKAWARU
 10991 | Temple   | Fell from the grace of Ignis
 10991 | Temple   | Became a worshipper of Warmaster Okawaru
 10992 | Temple   | 10992 ||| PLANNING LAIR
 11244 | Lair:2   | Reached skill level 1 in Shields
 11460 | Lair:2   | You fall into a shaft and drop 2 floors!
 11580 | Lair:4   | 11580 ||| UPGRADING to +0 tower shield.
 11590 | Lair:4   | 11590 ||| DROPPING +0 kite shield.
 11591 | Lair:4   | 11591 ||| DRINKING 2 golden potions.
 11592 | Lair:4   | 11592 ||| DROPPING potion of attraction.
 11599 | Lair:4   | HP: 20/118 [fire elemental[the fiery vengeance of Ignis]
                  | (13)]
 11600 | Lair:4   | 11600 ||| READING 4 scrolls of teleportation.
 11601 | Lair:4   | 11601 ||| DRINKING 2 potions of heal wounds.
 11602 | Lair:4   | 11602 ||| DRINKING potion of heal wounds.
 11742 | Lair:4   | Reached skill level 3 in Shields
 11745 | Lair:4   | Reached * piety under Okawaru
 11786 | Lair:4   | 11786 ||| Stepping ~*~*~tactically~*~*~ (stealth).
 11794 | Lair:4   | Reached skill level 1 in Invocations
 11795 | Lair:4   | 11795 ||| Stepping ~*~*~tactically~*~*~ (stealth).
 11796 | Lair:4   | 11796 ||| Stepping ~*~*~tactically~*~*~ (stealth).
 11804 | Lair:4   | 11804 ||| Stepping ~*~*~tactically~*~*~ (stealth).
 11812 | Lair:4   | 11812 ||| Stepping ~*~*~tactically~*~*~ (stealth).
 11813 | Lair:4   | 11813 ||| Stepping ~*~*~tactically~*~*~ (stealth).
 11814 | Lair:4   | 11814 ||| Stepping ~*~*~tactically~*~*~ (stealth).
 11815 | Lair:4   | 11815 ||| Stepping ~*~*~tactically~*~*~ (stealth).
 11883 | Lair:4   | 11883 ||| Stepping ~*~*~tactically~*~*~ (stealth).
 11885 | Lair:4   | 11885 ||| Stepping ~*~*~tactically~*~*~ (stealth).
 11887 | Lair:4   | 11887 ||| Stepping ~*~*~tactically~*~*~ (stealth).
 11889 | Lair:4   | 11889 ||| Stepping ~*~*~tactically~*~*~ (stealth).
 11891 | Lair:4   | 11891 ||| Stepping ~*~*~tactically~*~*~ (stealth).
 11892 | Lair:4   | 11892 ||| INVOKING Heroism.
 11915 | Lair:4   | 11915 ||| DRINKING 2 clear potions.
 11957 | Lair:4   | Reached ** piety under Okawaru
 11958 | Lair:4   | Reached skill level 3 in Invocations
 11971 | Lair:3   | 11971 ||| PLANNING GAUNTLET
 11994 | Lair:3   | 11994 ||| INVOKING Heroism.
 12033 | Lair:3   | Noticed an eight-headed hydra
 12034 | Lair:3   | 12034 ||| INVOKING Heroism.
 12039 | Lair:3   | Killed a ten-headed hydra
 12051 | Lair:3   | 12051 ||| Stepping ~*~*~tactically~*~*~ (stealth).
 12069 | Lair:3   | Noticed a boulder beetle
 12070 | Lair:3   | 12070 ||| INVOKING Heroism.
 12076 | Lair:3   | Killed a boulder beetle
 12125 | Lair:3   | 12125 ||| Stepping ~*~*~tactically~*~*~ (stealth).
 12132 | Lair:3   | 12132 ||| INVOKING Heroism.
 12139 | Lair:3   | Reached skill level 6 in Shields
 12179 | Lair:3   | 12179 ||| INVOKING Heroism.
 12215 | Lair:3   | Found a gate leading to a gauntlet.
 12216 | Lair:3   | 12216 ||| READING scroll labelled CUQEIH JONUASM.
 12217 | Lair:3   | 12217 ||| DRINKING 3 yellow potions.
 12217 | Lair:3   | Gained mutation: You are weak. (Str -2) [potion of
                  | mutation]
 12226 | Lair:3   | Reached *** piety under Okawaru
 12232 | Lair:3   | 12232 ||| Stepping ~*~*~tactically~*~*~ (stealth).
 12233 | Lair:3   | 12233 ||| INVOKING Heroism.
 12238 | Gauntlet | Entered a Gauntlet
 12238 | Gauntlet | Found a transporter.
 12257 | Gauntlet | Found a transporter.
 12268 | Gauntlet | Found a transporter.
 12271 | Gauntlet | Found a transporter.
 12281 | Gauntlet | Found a transporter.
 12299 | Gauntlet | Found a transporter.
 12310 | Gauntlet | Found a transporter.
 12318 | Gauntlet | Found the +10 dark maul {vorpal}
 12321 | Gauntlet | Found a transporter.
 12333 | Gauntlet | Found a transporter.
 12333 | Gauntlet | Found a transporter.
 12335 | Gauntlet | Found a transporter.
 12352 | Gauntlet | Found a transporter.
 12364 | Gauntlet | Found a transporter.
 12373 | Gauntlet | Found a transporter.
 12463 | Gauntlet | 12463 ||| INVOKING Heroism.
 12513 | Gauntlet | Noticed a death yak
 12517 | Gauntlet | Noticed a minotaur
 12517 | Gauntlet | a death yak changed into a minotaur
 12522 | Gauntlet | 12522 ||| INVOKING Heroism.
 12523 | Gauntlet | Noticed a ghost moth
 12523 | Gauntlet | a minotaur changed into a ghost moth
 12526 | Gauntlet | HP: 24/118 [guardian serpent (shapeshifter) (9)]
 12526 | Gauntlet | HP: 11/118 [troll (shapeshifter) (13)]
 12527 | Gauntlet | Killed a ghost moth
 12528 | Gauntlet | HP: 2/118 [troll (shapeshifter) (6)]
 12532 | Gauntlet | Received a gift from Okawaru
 12634 | Gauntlet | 12634 ||| DROPPING amulet of guardian spirit.
 12645 | Gauntlet | Noticed a minotaur
 12646 | Gauntlet | 12646 ||| INVOKING Heroism.
 12653 | Gauntlet | Killed a minotaur
 12669 | Gauntlet | Identified the +2 acid dragon scales "Guzenunk" {Fly rC-
                  | Will++ rCorr Dex-5}
 12672 | Gauntlet | Identified the +1 hat "Gafoivvu" {rC- Regen+ Str+2 Dex+4}
 12699 | Gauntlet | 12699 ||| DROPPING +1 cloak of preservation.
 12700 | Gauntlet | 12700 ||| UPGRADING to +1 hat "Gafoivvu" {rC- Regen+ Str+2
                  | Dex+4}.
 12705 | Gauntlet | 12705 ||| UPGRADING to +2 acid dragon scales "Guzenunk"
                  | {Fly rC- Will++ rCorr Dex-5}.
 12715 | Gauntlet | 12715 ||| REMOVING ring of protection from cold.
 12716 | Gauntlet | 12716 ||| UPGRADING to ring of protection from fire.
 12717 | Gauntlet | 12717 ||| DROPPING ring of ice.
 12718 | Gauntlet | 12718 ||| UPGRADING to +6 ring of dexterity.
 12720 | Gauntlet | 12720 ||| DROPPING ring of positive energy.
 12721 | Gauntlet | 12721 ||| UPGRADING to +4 ring of slaying {mikee}.
 12734 | Lair:3   | 12734 ||| PLANNING LAIR
 12823 | Lair:2   | 12823 ||| INVOKING Heroism.
 12827 | Lair:2   | Reached XP level 13. HP: 124/124 MP: 12/15
 12920 | Lair:2   | 12920 ||| INVOKING Heroism.
 12941 | Lair:2   | Found a staircase to the Snake Pit.
 12952 | Lair:2   | 12952 ||| INVOKING Heroism.
 13559 | Lair:3   | 13559 ||| DRINKING 11 potions of curing.
 13559 | Lair:3   | 13559 ||| (to cure confusion)
 13577 | Lair:3   | 13577 ||| INVOKING Heroism.
 13683 | Lair:3   | 13683 ||| INVOKING Heroism.
 13686 | Lair:3   | Reached skill level 9 in Shields
 13768 | Lair:3   | Was forgiven by Ignis
 13776 | Lair:3   | 13776 ||| INVOKING Heroism.
 13838 | Lair:3   | 13838 ||| Stepping ~*~*~tactically~*~*~ (hiding).
 13949 | Lair:3   | 13949 ||| Stepping ~*~*~tactically~*~*~ (outnumbered).
 13950 | Lair:3   | Found a staircase to the Shoals.
 13951 | Lair:3   | 13951 ||| Stepping ~*~*~tactically~*~*~ (outnumbered).
 14451 | Lair:3   | 14451 ||| DROPPING scarf of harm.
 14452 | Lair:3   | 14452 ||| READING scroll labelled SUQADUDERRUM.
 14453 | Lair:3   | 14453 ||| READING 4 scrolls of identify.
 14453 | Lair:3   | 14453 ||| IDENTIFYING coppery potion
 14454 | Lair:3   | 14454 ||| READING 3 scrolls of identify.
 14454 | Lair:3   | 14454 ||| IDENTIFYING amethyst potion
 14455 | Lair:3   | 14455 ||| READING 2 scrolls of identify.
 14455 | Lair:3   | 14455 ||| IDENTIFYING silvery potion
 14456 | Lair:3   | 14456 ||| DROPPING potion of ambrosia.
 14511 | Lair:4   | Found a viscous altar of Jiyva.
 14511 | Lair:4   | Found a staircase to the Slime Pits.
 14512 | Lair:4   | 14512 ||| INVOKING Heroism.
 14515 | Lair:4   | 14515 ||| STAIRDANCE
 14529 | Lair:4   | 14529 ||| STAIRDANCE
 14534 | Lair:4   | 14534 ||| STAIRDANCE
 14539 | Lair:4   | 14539 ||| INVOKING Heroism.
 14540 | Lair:4   | 14540 ||| Stepping ~*~*~tactically~*~*~ (outnumbered).
 14541 | Lair:4   | 14541 ||| Stepping ~*~*~tactically~*~*~ (outnumbered).
 14542 | Lair:4   | 14542 ||| Stepping ~*~*~tactically~*~*~ (outnumbered).
 14544 | Lair:4   | 14544 ||| Stepping ~*~*~tactically~*~*~ (outnumbered).
 14545 | Lair:4   | 14545 ||| Stepping ~*~*~tactically~*~*~ (outnumbered).
 14549 | Lair:4   | 14549 ||| Stepping ~*~*~tactically~*~*~ (outnumbered).
 14579 | Lair:4   | 14579 ||| Stepping ~*~*~tactically~*~*~ (stealth).
 14581 | Lair:4   | 14581 ||| Stepping ~*~*~tactically~*~*~ (stealth).
 14583 | Lair:4   | 14583 ||| Stepping ~*~*~tactically~*~*~ (stealth).
 14586 | Lair:4   | 14586 ||| Stepping ~*~*~tactically~*~*~ (stealth).
 14588 | Lair:4   | 14588 ||| Stepping ~*~*~tactically~*~*~ (stealth).
 14939 | Lair:4   | 14939 ||| Stepping ~*~*~tactically~*~*~ (stealth).
 15128 | Lair:5   | Entered Level 5 of the Lair of Beasts
 15129 | Lair:5   | 15129 ||| INVOKING Heroism.
 15130 | Lair:5   | 15130 ||| STAIRDANCE
 15146 | Lair:5   | 15146 ||| STAIRDANCE
 15151 | Lair:4   | Reached **** piety under Okawaru
 15161 | Lair:5   | 15161 ||| STAIRDANCE
 15169 | Lair:5   | 15169 ||| STAIRDANCE
 15170 | Lair:5   | 15170 ||| INVOKING Heroism.
 15171 | Lair:5   | 15171 ||| Stepping ~*~*~tactically~*~*~ (outnumbered).
 15172 | Lair:5   | 15172 ||| Stepping ~*~*~tactically~*~*~ (outnumbered).
 15173 | Lair:5   | 15173 ||| Stepping ~*~*~tactically~*~*~ (outnumbered).
 15174 | Lair:5   | 15174 ||| Stepping ~*~*~tactically~*~*~ (outnumbered).
 15175 | Lair:5   | 15175 ||| Stepping ~*~*~tactically~*~*~ (outnumbered).
 15206 | Lair:5   | 15206 ||| INVOKING Heroism.
 15209 | Lair:5   | HP: 28/124 [11-headed hydra (12)]
 15210 | Lair:5   | 15210 ||| READING 5 scrolls of teleportation.
 15210 | Lair:5   | HP: 5/124 [11-headed hydra (11)]
 15210 | Lair:5   | HP: 2/124 [11-headed hydra (3)]
 15211 | Lair:5   | 15211 ||| DRINKING 2 potions of heal wounds.
 15211 | Lair:5   | Slain by an 11-headed hydra

Levels and vault maps discovered:
D:1:      heliophobic_arrival_glass_houses, layout_loops_ring,
          shapermc_ecumenical_altar_mp_highgroup
D:2:      layout_loops_cross, minmay_shallow_snake_nest
D:3:      layout_basic, mainiacjoe_overflow_24_doors
D:4:      minmay_thick_lines, layout_rooms, serial_shops, shop,
          nicolae_ossuary_entry_plus, biasface_ghost_orc_armoury,
          minmay_misc_feat_doors, columned_hall_lemuel
D:5:      layout_cave_pools, minmay_temple_entry_antechambers, nzn_random_ring
D:6:      layout_basic
D:7:      layout_loops_corners, serial_shops, shop
D:8:      layout_basic
D:9:      layout_small_grid, hangedman_ranch
D:10:     layout_roguey, minitemple, david_lair_shrubbed, david_orc_5,
          kennysheep_crisscross
Temple:   minmay_temple_bridge_d
Lair:1:   layout_cave_shapes, amcnicky_mini_pool_medium, uniq_sonja,
          uniq_amaemon
Lair:2:   layout_cave_pods, guppyfry_snake_entry_island, evilmike_ambush
          [evilmike_ambush_outer_doors, evilmike_ambush_inner_pond],
          lemuel_fruit_tree, infiniplex_staircase_pool
Lair:3:   layout_cave_pods, elwin_shoals_entry_stream, gauntlet_entry_generic,
          chequers_serial_rivers_large_b, grunt_megastairs_2
Lair:4:   beast_lair_carwin_large_4, layout_loops_ring,
          minmay_slime_entry_jelly_boxes, serial_bayou_shore_b
Lair:5:   minmay_lair_end_frog_pond, layout_loops_ring, hibernation_bobbens

Skill      XL: |  1  2  3  4  5  6  7  8  9 10 11 12 13 |
---------------+----------------------------------------+-----
Unarmed Combat | 4 5 6 8 9 11 13 15 17 | 17.1
Fighting       | 3 4 5 6 7 |  7.0
Dodging        | 1 2 |  2.0
Throwing       | 3 4 |  4.0
Armour         | 1 2 |  2.2
Shields        | 8 10 | 10.2
Invocations    | 4 5 |  5.0
Spellcasting   | |  1.0
Fire Magic     | |  2.1

Action                   |  1- 3 |  4- 6 |  7- 9 | 10-12 | 13-15 || total
-------------------------+-------+-------+-------+-------+-------++-------
Melee: Unarmed           |   108 |    85 |   257 |   422 |   176 ||  1048
       Punch             |     2 |     2 |     9 |    16 |       ||    29
Throw: Boomerang         |       |       |    14 |    81 |       ||    95
       Javelin           |       |       |     4 |    45 |    17 ||    66
Invok: Fiery Armour      |     1 |       |     3 |     8 |       ||    12
       Heroism           |       |       |       |    11 |    10 ||    21
  Use: Scroll            |     3 |     5 |     4 |     3 |     5 ||    20
       Potion            |     1 |     2 |     1 |     6 |     2 ||    12
 Stab: Sleeping          |       |       |       |     2 |       ||     2
Armor: Robe              |    33 |    24 |    54 |    29 |       ||   140
       Troll leather arm |       |       |       |    83 |       ||    83
       Acid dragon scale |       |       |       |       |    84 ||    84
Dodge: Dodged            |    44 |    30 |    93 |   132 |    43 ||   342
Block: Other             |       |       |       |    29 |       ||    29
       Reflection        |       |       |       |     6 |       ||     6
       Tower shield      |       |       |       |   103 |   222 ||   325
       Kite shield       |       |       |       |     4 |       ||     4

Table legend:
 A = Non-vault XP
 B = Vault XP
 C = Vault XP percentage of total XP
 D = Non-vault monster count
 E = Vault monster count
 F = Vault count percentage of total count
                 A         B        C        D         E       F
            +---------+---------+-------+---------+---------+-------
      Total |   30473 |   18519 |  37.8 |     256 |     113 |  30.6
            +---------+---------+-------+---------+---------+-------
        D:1 |      46 |       0 |   0.0 |      26 |       0 |   0.0
        D:2 |      23 |      19 |  45.2 |      14 |       4 |  22.2
        D:3 |     203 |       0 |   0.0 |      23 |       0 |   0.0
        D:4 |      92 |     353 |  79.3 |       9 |       7 |  43.8
        D:5 |     725 |    1318 |  64.5 |      22 |      21 |  48.8
        D:6 |    1134 |       0 |   0.0 |      23 |       0 |   0.0
        D:7 |     638 |       0 |   0.0 |      11 |       0 |   0.0
        D:8 |    1491 |       0 |   0.0 |      12 |       0 |   0.0
        D:9 |    1972 |    1666 |  45.8 |      22 |       6 |  21.4
       D:10 |    2248 |     981 |  30.4 |      18 |      25 |  58.1
     Lair:1 |    6359 |    3720 |  36.9 |      25 |       6 |  19.4
     Lair:2 |    3103 |     802 |  20.5 |      10 |       4 |  28.6
     Lair:3 |    5822 |    2261 |  28.0 |      20 |       9 |  31.0
     Lair:4 |    3191 |    4099 |  56.2 |      12 |      24 |  66.7
     Lair:5 |    3426 |       0 |   0.0 |       9 |       0 |   0.0
   Gauntlet |       0 |    3300 | 100.0 |       0 |       7 | 100.0
            +---------+---------+-------+---------+---------+-------
